 Dungeon Crawl Stone Soup version 0.17-a0-1176-g3d5a0d0 (webtiles) character file.

138388 tooLowSkill the Executioner (level 16, 0/135 HPs)
             Began as a Deep Dwarf Berserker on May 30, 2015.
             Was the Champion of Trog.
             Succumbed to an emperor scorpion's poison
             ... on level 4 of the Lair of Beasts.
             The game lasted 03:16:01 (24031 turns).

tooLowSkill the Executioner (Deep Dwarf Berserker) Turns: 24031, Time: 03:16:01

Health: 0/135      AC: 28    Str: 25    XL:     16   Next: 71%
Magic:  11/11      EV:  8    Int:  9    God:    Trog [******]
Gold:   2499       SH: 11    Dex: 12    Spells: 0 memorised, 15 levels left

rFire  + + .     SeeInvis .     a - +12 broad axe of the Exiled Planets {chop, +Rage rElec rC- Str-2}
rCold  + + .     Clarity  .     O - +1 plate armour {rC+}
rNeg   + + .     SustAt   .     Z - +3 buckler "Roiwacef" {*Corrode +Inv rC++ rN+}
rPois  .         Gourm    .     S - +1 helmet
rElec  +         Spirit   .     L - +0 cloak
rCorr  .         Warding  .     I - +2 pair of gloves
rMut   .         Stasis   .     t - +2 pair of boots
MR     ++++.                    x - amulet "Lotsiqan" {Faith rF+}
Stlth  ..........               y - ring of protection from cold
                                C - ring of fire

@: lethally poisoned (0 -> -3), non-regenerating, incredibly resistant to
hostile enchantments, extremely unstealthy
A: damage resistance, recharge devices, negative energy resistance 1, sense
surroundings 2, slow healing 3
a: Device Recharging, Burn Spellbooks, Berserk, Trog's Hand, Brothers in Arms,
Renounce Religion, Evoke Berserk Rage, Evoke Invisibility


You were on level 4 of the Lair of Beasts.
You worshipped Trog.
Trog was exalted by your worship.
You were very hungry.

You visited 5 branches of the dungeon, and saw 29 of its levels.
You also visited: Labyrinth and Volcano.

You collected 3381 gold pieces.
You spent 882 gold pieces at shops.

Inventory:

Hand weapons
 a - the +12 broad axe of the Exiled Planets (weapon) {chop, +Rage rElec rC- Str-2}
   (Trog gifted it to you on level 14 of the Dungeon)

   It inflicts extra damage upon your enemies.
   It affects your strength (-2).
   It makes you vulnerable to cold.
   It insulates you from electricity.
   It lets you go berserk.
 b - the +2 hand axe of Naim Wup {flame, rElec rC- Str+2 Stlth+}
   (You took it off a minotaur in a labyrinth)

   It has been specially enchanted to burn those struck by it, causing extra
   injury to most foes and up to half again as much damage against particularly
   susceptible opponents.
   Big, fiery blades are also staple armaments of hydra-hunters.
   It affects your strength (+2).
   It makes you vulnerable to cold.
   It insulates you from electricity.
   It makes you more stealthy.
 c - the +7 war axe of Wrongful Imprisonment {chop, rF+ SInv Stlth+}
   (You found it on level 1 of the Lair of Beasts)

   It inflicts extra damage upon your enemies.
   It protects you from fire.
   It lets you see invisible.
   It makes you more stealthy.
Armour
 t - a +2 pair of boots (worn)
 I - a +2 pair of gloves (worn)
 L - a +0 cloak (worn)
 O - a +1 plate armour of cold resistance (worn)
 S - a +1 helmet (worn)
 Z - the +3 buckler "Roiwacef" (worn) {*Corrode +Inv rC++ rN+}
   (You bought it in a shop on level 2 of the Orcish Mines)

   It greatly protects you from cold.
   It protects you from negative energy.
   It lets you turn invisible.
   It may corrode your equipment when you take damage.
Jewellery
 r - an uncursed amulet of clarity
 x - the amulet "Lotsiqan" (around neck) {Faith rF+}
   (You found it on level 6 of the Dungeon)

   [amulet of faith]

   It allows you to gain divine favour quickly.
   It protects you from fire.
 y - a ring of protection from cold (right hand)
 C - a ring of fire (left hand)
Magical devices
 h - a wand of heal wounds (2)
 u - a wand of disintegration (13)
 E - a wand of hasting (3)
 U - a wand of disintegration (9)
Scrolls
 f - 10 scrolls of teleportation
 A - a scroll of fog
 D - 15 scrolls of remove curse
 G - a scroll of recharging
 J - a scroll of blinking
 P - 3 scrolls of magic mapping
Potions
 e - 3 potions of cure mutation
 g - 2 potions of cancellation
 m - a potion of might
 o - a potion of ambrosia
 p - 3 potions of agility
 w - 13 potions of curing
 B - 5 potions of flight
 M - 4 potions of lignification
 N - 2 potions of haste
 W - a potion of invisibility
 Y - a potion of heal wounds
Miscellaneous
 n - a sack of spiders
 Q - a disc of storms
 V - a fan of gales
Comestibles
 d - 10 bread rations
 q - 9 meat rations
 v - 3 fruits
 T - 10 beef jerkies


   Skills:
 + Level 6.7 Fighting
 - Level 22.0 Axes
 - Level 14.0 Armour
 - Level 2.1 Dodging
 - Level 16.4 Shields


You had 15 spell levels left.
You didn't know any spells.

Dungeon Overview and Level Annotations

Branches:
Dungeon (15/15)            Temple (1/1) D:4            Lair (8/8) D:10
 Shoals (0/4) Lair:4       Spider (1/4) Lair:4        Slime (0/6) Lair:6
    Orc (4/4) D:12            Elf (0/3) Orc:3        Vaults (0/5) D:14
 Depths (0/5) D:15

Altars:
Ashenzari
Cheibriados
Dithmenos
Elyvilon
Fedhas
Gozag
Kikubaaqudgha
Makhleb
Nemelex Xobeh
Okawaru
Qazlal
Ru
Sif Muna
Trog
Vehumet
Xom
Yredelemnul
Zin
The Shining One
Beogh

Shops:
D:4 ?   D:6 (?==[   D:8 (   D:11 *   Orc:2 [   Orc:3 [*   Orc:4 (%(?

Annotations:
D:10 Psyche


Innate Abilities, Weirdness & Mutations

You are resistant to damage.
You can recharge devices by infusing magical energy.
You resist negative energy.
You passively map the area around you.
You do not heal naturally.


Message History

You kill the emperor scorpion!
Trog accepts your kill.
You feel sick.
The orb spider begins to weave its threads into a brightly glowing ball.
Use which ability? (? or * to list)
Your skin crawls.
You feel resistant to hostile enchantments.
You feel slightly more hungry.
You feel very sick.
You feel very sick.
The orb spider weaves a glowing orb of energy.
You see here an emperor scorpion corpse.
You feel sick.
You feel sick.
There is a crawl-hole back to the Lair here.
You feel sick. The orb of destruction hits you!
* * * LOW HITPOINT WARNING * * *
The orb spider spins a strand of pure energy.
You climb upwards.
Welcome back to the Lair of Beasts!
You die...

##.............#....#
##.................##
##.#...........##...#
.####..........###..#
.# ##..........##..#
.# ##.........#####
.# #..#....###.# ###
#...#####...# ..#
##..P###..@.# .##
##..##.....#### #.#
#.#.#.....###.# ###
#####....##.(## #
#.....#....#
##...###....#
####...##.....##
#.....###.....##
##.....#.##.....#


There were no monsters in sight!

Vanquished Creatures
  Rupert (D:13)
  Gastronok (D:8)
  A tengu reaver (D:15)
  2 fire giants (D:15)
  Maud (D:10)
  An emperor scorpion (Spider:1)
  2 rakshasas (D:15)
  Azrael (D:13)
  An ettin (D:15)
  Snorg (Orc:1)
  2 vault guards (D:14)
  A fire dragon (D:15)
  A minotaur (Lab)
  Fannar (D:10)
  11 hydras
  2 yaktaur captains (D:15)
  Harold (Orc:2)
  4 centaur warriors (D:15)
  Erica (D:8)
  4 catoblepae
  3 tengu warriors
  5 ogre magi
  2 deep troll earth magi (D:15)
  15 death yaks (Lair:8)
  Nergalle (Orc:3)
  3 wizards
  A skeletal warrior (D:15)
  2 deep trolls (Orc:4)
  13 hill giants
  A fire crab (Lair:6)
  3 unseen horrors
  A flayed ghost (D:15)
  3 necromancers (D:14)
  A wolf spider zombie (D:15)
  3 wolf spiders
  An orc sorcerer (Orc:3)
  9 ugly things
  6 orc knights
  An oklob plant (Lair:8)
  7 cyclopes
  The ghost of comborobin the Shield-Bearer, an experienced OpAr of Kikubaaqudgha (D:7)
  2 manticores
  2 black mambas
  3 griffons
  A hornet (D:15)
  An elephant (shapeshifter) (D:15)
  A black mamba (shapeshifter) (D:13)
  7 komodo dragons
  2 molten gargoyles (Volcano)
  14 spiny frogs
  12 trolls
  3 fire drakes
  2 tengu conjurers (D:15)
  7 two-headed ogres
  A yaktaur (D:15)
  A freezing wraith (D:15)
  2 efreet (D:15)
  31 blink frogs
  A polar bear (Lair:6)
  3 jumping spiders (Lair:4)
  The ghost of Kisielow the Chiller, an average MfIE (D:5)
  5 ravens
  4 wraiths
  4 slime creatures
  A centaur simulacrum (D:15)
  A fire bat (Volcano)
  3 fire elementals (D:13)
  4 wyverns
  50 yaks
  4 deep elf magi
  17 humans (D:14)
  2 basilisks (shapeshifter) (D:15)
  3 shadows
  Grum (D:8)
  7 basilisks
  4 hungry ghosts
  11 wolves
  A vampire mosquito (D:15)
  10 hippogriffs
  3 hell hounds (D:13)
  3 mottled dragons
  2 soldier ants (D:9)
  A steam dragon (D:8)
  20 water moccasins
  17 porcupines
  2 spiders
  19 orc warriors
  3 sky beasts
  2 eyes of draining
  2 boggarts (D:13)
  2 wasps
  2 necrophages
  A phantom (D:6)
  A black bear (Lair:1)
  5 ice beasts
  10 centaurs
  26 ogres
  15 crocodiles
  3 big kobolds
  23 giant frogs
  2 wyvern skeletons
  3 scorpions
  5 killer bees (D:10)
  9 wights
  2 electric eels (Lair:4)
  6 crimson imps
  7 centaur zombies
  2 giant frog zombies
  18 jellies
  4 lava snakes (Volcano)
  5 centaur skeletons
  5 giant frog skeletons
  Ijyb (D:2)
  9 hounds
  11 iguanas
  20 orc priests
  Jessica (D:3)
  Terence (D:3)
  13 worker ants
  Natasha (twice) (D:2)
  32 orc wizards
  28 sheep
  2 hound zombies
  A hound skeleton (D:5)
  A worker ant zombie (D:10)
  Robin (D:3)
  93 river rats
  10 adders
  3 gnolls (Orc:3)
  4 shadow imps
  3 oozes
  2 adder skeletons (D:4)
  2 adder zombies
  A worm (D:9)
  4 giant geckos
  175 orcs
  5 bats
  A bat skeleton (D:5)
  4 giant cockroaches
  22 hobgoblins
  8 jackals
  22 kobolds
  A quokka (D:3)
  A giant gecko skeleton (D:6)
  2 giant newts
  22 goblins
  13 rats
  A spectral orc (Orc:3)
  14 fungi
  A plant (D:15)
1118 creatures vanquished.

Vanquished Creatures (collateral kills)
  Nessos (Lair:7)
  A hydra (Lair:3)
  A hill giant (D:10)
  A water moccasin (D:10)
  An orc warrior (D:8)
5 creatures vanquished.

Vanquished Creatures (others)
  An unseen horror (D:15)
  A centaur zombie (D:10)
  An orc (Orc:2)
  2 bushes (Lair:7)
  3 fungi
  2 plants
10 creatures vanquished.

Grand Total: 1133 creatures vanquished

Notes
Turn   | Place    | Note
--------------------------------------------------------------
     0 | D:1      | tooLowSkill the Deep Dwarf Berserker began the quest for the Orb.
     0 | D:1      | Reached XP level 1. HP: 20/20 MP: 1/1
   515 | D:1      | Reached skill level 4 in Axes
   515 | D:1      | Reached XP level 2. HP: 17/27 MP: 2/2
   851 | D:2      | Noticed Natasha
   867 | D:2      | Reached XP level 3. HP: 11/33 MP: 3/3
   872 | D:2      | Killed Natasha
   872 | D:2      | Reached skill level 5 in Axes
   890 | D:2      | You fall through a shaft!
   996 | D:2      | Noticed Natasha
  1013 | D:2      | Killed Natasha
  1013 | D:2      | Reached XP level 4. HP: 36/40 MP: 4/4
  1081 | D:2      | Noticed Ijyb
  1091 | D:2      | Killed Ijyb
  1091 | D:2      | Reached skill level 6 in Axes
  1275 | D:2      | Acquired Trog's second power
  1305 | D:2      | Reached XP level 5. HP: 34/46 MP: 5/5
  1476 | D:3      | Noticed Jessica
  1484 | D:3      | Killed Jessica
  1553 | D:3      | Reached skill level 7 in Axes
  1592 | D:3      | Noticed Robin
  1594 | D:3      | Noticed Terence
  1612 | D:3      | Killed Terence
  1613 | D:3      | Killed Robin
  1927 | D:4      | Reached XP level 6. HP: 39/55 MP: 6/6
  2077 | D:4      | Found Cuagif's Magic Scroll Boutique.
  2080 | D:4      | Bought a scroll of blinking for 82 gold pieces
  2120 | D:4      | Found a staircase to the Ecumenical Temple.
  2125 | Temple   | Entered the Ecumenical Temple
  2460 | D:4      | Reached skill level 8 in Axes
  3027 | D:5      | Entered Level 5 of the Dungeon
  3053 | D:5      | Reached skill level 9 in Axes
  3053 | D:5      | Reached XP level 7. HP: 44/61 MP: 7/7
  3094 | D:5      | Noticed a wyvern
  3094 | D:5      | a sky beast changed into a wyvern
  3103 | D:5      | Killed a wyvern
  3160 | D:5      | Noticed Kisielow's ghost (average MfIE)
  3182 | D:5      | Reached skill level 10 in Axes
  3187 | D:5      | Killed Kisielow's ghost
  3187 | D:5      | Reached XP level 8. HP: 35/68 MP: 8/8
  3319 | D:5      | Reached skill level 11 in Axes
  3679 | D:6      | Found Ysenairumun's Weapon Boutique.
  3702 | D:6      | Found Jystimp's Jewellery Boutique.
  3726 | D:6      | Found Huotod's Armour Emporium.
  3740 | D:6      | Got a coiled garnet amulet
  3744 | D:6      | Identified the amulet "Lotsiqan" {Faith rF+} (You found it on level 6 of the Dungeon)
  3780 | D:6      | Found Yrol's Magic Scroll Emporium.
  3898 | D:6      | Acquired Trog's third power
  3943 | D:6      | Reached skill level 12 in Axes
  3983 | D:6      | Found Tuuguh's Jewellery Shoppe.
  4387 | D:7      | Found a deep blue altar of Sif Muna.
  4569 | D:7      | Noticed comborobin's ghost (experienced OpAr)
  4583 | D:7      | Killed comborobin's ghost
  4583 | D:7      | Reached skill level 13 in Axes
  4583 | D:7      | Gained mutation: You passively map the area around you. [Deep Dwarf growth]
  4583 | D:7      | Reached XP level 9. HP: 45/74 MP: 8/8
  5147 | D:8      | Noticed Gastronok
  5192 | D:8      | Killed Gastronok
  5192 | D:8      | Reached skill level 15 in Axes
  5192 | D:8      | Reached XP level 10. HP: 45/81 MP: 9/9
  5477 | D:8      | Noticed Grum
  5495 | D:8      | Killed Grum
  5729 | D:8      | Noticed Erica
  5754 | D:8      | Killed Erica
  5754 | D:8      | Reached skill level 16 in Axes
  5902 | D:8      | Found Guowoch's Antique Weapon Emporium.
  5905 | D:8      | Bought a glowing broad axe for 100 gold pieces
  5906 | D:8      | Bought a glowing broad axe for 100 gold pieces
  6344 | D:9      | Found a shimmering altar of Xom.
  6734 | D:9      | Reached skill level 17 in Axes
  6889 | D:10     | Entered Level 10 of the Dungeon
  7018 | D:10     | Noticed Fannar
  7040 | D:10     | Killed Fannar
  7040 | D:10     | Reached XP level 11. HP: 88/88 MP: 8/8
  7224 | D:10     | Noticed Psyche
  7286 | D:9      | Received a gift from Trog
  7399 | D:10     | Noticed Maud
  7412 | D:10     | Killed Maud
  7412 | D:10     | Reached skill level 18 in Axes
  7558 | D:10     | Found a staircase to the Lair.
  7718 | D:10     | Noticed a hill giant
  7726 | D:10     | Killed a hill giant
  8027 | D:10     | Noticed a hill giant
  8033 | D:10     | Killed a hill giant
  8402 | Lair:1   | Entered Level 1 of the Lair of Beasts
  8637 | Lair:1   | Got a pitted war axe
  8638 | Lair:1   | Identified the +7 war axe of Wrongful Imprisonment {chop, rF+ SInv Stlth+} (You found it on level 1 of the Lair of Beasts)
  8668 | Lair:1   | Reached skill level 19 in Axes
  8697 | Lair:1   | HP: 1/88 [spiny frog (16)]
  9198 | Lair:2   | Noticed a six-headed hydra
  9210 | Lair:2   | Killed a one-headed hydra
  9210 | Lair:2   | Reached skill level 5 in Armour
  9395 | Lair:2   | Noticed a five-headed hydra
  9406 | Lair:2   | Killed a two-headed hydra
  9451 | Lair:2   | Reached XP level 12. HP: 79/96 MP: 9/9
 10300 | Lair:3   | Received a gift from Trog
 10316 | Lair:3   | Reached skill level 10 in Armour
 11042 | Lair:3   | Noticed a five-headed hydra
 11051 | Lair:3   | Killed a three-headed hydra
 11237 | Lair:3   | Got a scorched ring mail
 11303 | Lair:3   | Identified the +3 ring mail of the Sea {rCorr Stlth+} (You found it on level 3 of the Lair of Beasts)
 11360 | Lair:4   | Noticed a five-headed hydra
 11443 | Lair:4   | Reached skill level 20 in Axes
 11511 | Lair:4   | Killed a one-headed hydra
 11833 | Lair:4   | Found a staircase to the Shoals.
 12120 | Lair:4   | Reached XP level 13. HP: 52/102 MP: 10/10
 12165 | Lair:4   | Received a gift from Trog
 12230 | Lair:4   | Found a hole to the Spider Nest.
 12230 | Lair:4   | HP: 7/153 [jumping spider (8)]
 12574 | Lair:5   | Received a gift from Trog
 13463 | Lair:6   | Found a labyrinth entrance.
 13479 | Lab      | Entered a labyrinth
 13723 | Lab      | Got a transparent hand axe {flame}
 13730 | Lab      | Identified the cursed +2 hand axe of Naim Wup {flame, rElec rC- Str+2 Stlth+} (You took it off a minotaur in a labyrinth)
 13751 | Lab      | Identified a +6 rod of clouds (14/14) (You found it in a labyrinth)
 13786 | Lair:6   | Received a gift from Trog
 13794 | Lair:6   | Found a staircase to the Slime Pits.
 14561 | Lair:7   | Received a gift from Trog
 14583 | Lair:7   | Noticed Nessos
 14589 | Lair:7   | Killed Nessos
 15142 | Lair:8   | Entered Level 8 of the Lair of Beasts
 15365 | Lair:8   | Identified a scroll of acquirement
 15460 | Lair:8   | Received a gift from Trog
 15466 | Lair:8   | Gained mutation: You resist negative energy. [Deep Dwarf growth]
 15466 | Lair:8   | Reached XP level 14. HP: 59/109 MP: 11/11
 15559 | Lair:8   | Reached skill level 21 in Axes
 15721 | Lair:8   | Got a brightly glowing hat
 15732 | Lair:8   | Identified the +1 hat of the Tortoise {rPois Regen+} (You found it on level 8 of the Lair of Beasts)
 16445 | Lair:4   | Reached skill level 22 in Axes
 16608 | D:11     | Reached skill level 1 in Shields
 16772 | D:11     | Received a gift from Trog
 16794 | D:11     | Found a glowing golden altar of the Shining One.
 16822 | D:11     | You fall through a shaft!
 17109 | D:12     | Found a staircase to the Orcish Mines.
 17187 | D:11     | Found Ruoditao's Assorted Antiques.
 17207 | D:11     | Reached skill level 5 in Shields
 17846 | D:13     | Noticed Azrael
 17862 | D:13     | Killed Azrael
 18104 | D:13     | Received a gift from Trog
 18135 | D:13     | Noticed Rupert
 18151 | D:13     | Killed Rupert
 18204 | D:13     | Reached XP level 15. HP: 73/115 MP: 10/10
 18607 | D:14     | Reached skill level 10 in Shields
 18679 | D:14     | Found a gate to the Vaults.
 18685 | D:14     | Received a gift from Trog
 18699 | D:14     | Got a polished broad axe {god gift}
 18726 | D:14     | Identified the +12 broad axe of the Exiled Planets {chop, +Rage rElec rC- Str-2} (Trog gifted it to you on level 14 of the Dungeon)
 19401 | D:15     | Entered Level 15 of the Dungeon
 19534 | D:15     | Found a burning altar of Makhleb.
 19535 | D:15     | Found a shimmering altar of Xom.
 19535 | D:15     | Found a burning altar of Makhleb.
 19729 | D:15     | Found a staircase to the Depths.
 19853 | D:15     | Received a gift from Trog
 19942 | D:15     | Noticed a tengu reaver
 19956 | D:15     | Killed a tengu reaver
 20210 | D:15     | Reached XP level 16. HP: 78/122 MP: 11/11
 20298 | D:15     | Reached skill level 15 in Shields
 20753 | D:15     | Received a gift from Trog
 21006 | Orc:1    | Entered Level 1 of the Orcish Mines
 21015 | Orc:1    | Found a dark tunnel.
 21019 | Volcano  | Entered a volcano
 21119 | Volcano  | Found a radiant altar of Vehumet.
 21392 | Orc:1    | Noticed Snorg
 21402 | Orc:1    | Killed Snorg
 21640 | Orc:1    | Received a gift from Trog
 21921 | Orc:2    | Found a roughly hewn altar of Beogh.
 22018 | Orc:2    | Found Nyph's Antique Armour Emporium.
 22025 | Orc:2    | Bought a slimy buckler for 294 gold pieces
 22035 | Orc:2    | Identified the +3 buckler "Roiwacef" {*Corrode +Inv rC++ rN+} (You bought it in a shop on level 2 of the Orcish Mines)
 22141 | Orc:2    | Noticed Harold
 22153 | Orc:2    | Killed Harold
 22340 | Orc:3    | Noticed Nergalle
 22341 | Orc:3    | Received a gift from Trog
 22354 | Orc:3    | Killed Nergalle
 22367 | Orc:3    | Found Babbege's Antique Armour Emporium.
 22408 | Orc:3    | Found a staircase to the Elven Halls.
 22520 | Orc:3    | Found Zatekly's General Store.
 22754 | Orc:4    | Entered Level 4 of the Orcish Mines
 22866 | Orc:4    | Received a gift from Trog
 22885 | Orc:4    | Reached skill level 5 in Fighting
 22965 | Orc:4    | Found Junit's Magic Scroll Boutique.
 22970 | Orc:4    | Found Abuodis's Food Boutique.
 22988 | Orc:4    | Found Topakk's Weapon Emporium.
 22993 | Orc:4    | Found Fejemiw's Weapon Shop.
 23182 | Orc:4    | Received a gift from Trog
 23353 | Orc:4    | Found a roughly hewn altar of Beogh.
 23694 | Orc:3    | Bought a glowing helmet for 153 gold pieces
 23694 | Orc:3    | Bought a pair of embroidered boots for 153 gold pieces
 24001 | Spider:1 | Entered Level 1 of the Spider Nest
 24030 | Spider:1 | HP: 2/135 [disintegration (18)]
 24031 | Lair:4   | Succumbed to an emperor scorpion's poison

Vault maps used:
D:1:      minmay_arrival_doors
D:2:      uniq_natasha, uniq_iyjb
D:3:      uniq_jessica, uniq_terence, uniq_robin
D:4:      kennysheep_big_flooded_room, temple_doors_c, serial_shops,
          kennysheep_mini_moat
D:5:      first_bread
D:6:      serial_shops, shop, nicolae_shop_crystal, shop, nicolae_shop_crystal,
          shop
D:7:      lemuel_blue_sif_altar
D:8:      statuecave_lemuel, serial_shops, shop, uniq_gastronok, uniq_grum,
          uniq_erica
D:9:      xom_teletrap_fun, hangedman_pestilent_swarm
D:10:     lair_0_dummy, uniq_fannar, uniq_psyche, uniq_maud
D:11:     serial_shops, nicolae_shop_waterfront, nicolae_tso_carved_into_rock
D:12:     orc_0_dummy, minivault_4
D:13:     uniq_rupert, uniq_azrael
D:14:     grunt_vaults_entry_tiered
D:15:     hangedman_slaughterboxes
Temple:   kilobyte_greek_temple_18
Lair:2:   serial_bayou_shore_b
Lair:4:   elwin_shoals_entry_rooms, spider_nest_entry_funnel_web,
          nicolae_quartered_pool_medium, infiniplex_staircase_pool_2
Lair:5:   grunt_megastairs_3
Lair:6:   minmay_slime_entry_jelly_boxes, lab_entry_generic
Lair:7:   uniq_nessos
Lair:8:   evilmike_catoblepas_cave
Orc:1:    enter_volcano_4, special_room, uniq_snorg
Orc:2:    serial_shops, shop_statue, basic_altar, uniq_harold
Orc:3:    serial_shops, shop, shop, nicolae_orc_pool_cavern, uniq_nergalle
Orc:4:    st_orc_open, minmay_orc_temple_b
Lab:      labyrinth_spiral, nicolae_lab_x, labyrinth_fake_exit,
          labyrinth_skeletal_remains, lab_fountain, nicolae_lab_quarters,
          nicolae_lab_starburst
Volcano:  volcano_grotto

Action                   |  1- 3 |  4- 6 |  7- 9 | 10-12 | 13-15 | 16-18 || total
-------------------------+-------+-------+-------+-------+-------+-------++-------
Melee: Hand axe          |    67 |   166 |   295 |   114 |    34 |     8 ||   684
       Broad axe         |       |       |       |   486 |  1090 |   476 ||  2052
       War axe           |       |       |       |    50 |    14 |    18 ||    82
       Scimitar          |       |       |       |    28 |    16 |       ||    44
Invok: Berserk           |     1 |     5 |     6 |     8 |    13 |     1 ||    34
       Burn Spellbooks   |       |     1 |     1 |     3 |     4 |       ||     9
       Trog's Hand       |       |       |     1 |    15 |    28 |    14 ||    58
       Brothers in Arms  |       |       |       |       |     1 |       ||     1
 Abil: Device Recharging |       |       |     1 |     2 |     2 |       ||     5
       Evoke Invisibilit |       |       |       |       |       |     1 ||     1
Evoke: Wand              |     1 |     4 |    14 |    20 |    17 |     9 ||    65
       Fan of gales      |       |       |       |     2 |     2 |       ||     4
       Disc of storms    |       |       |       |     1 |     1 |       ||     2
       Rod               |       |       |       |       |     1 |     2 ||     3
       Deck              |       |       |       |       |     1 |       ||     1
  Use: Scroll            |       |     2 |     6 |    11 |    13 |     3 ||    35
       Potion            |       |       |     2 |     2 |     4 |       ||     8
 Stab: Sleeping          |     1 |       |       |       |       |       ||     1
       Distracted        |       |       |       |       |     1 |       ||     1
       Petrifying        |       |       |       |       |     1 |       ||     1
       Invisible         |       |       |       |       |       |     3 ||     3
  Eat: Chunk             |     1 |    11 |     3 |    29 |    27 |    16 ||    87
       Beef jerky        |       |       |     2 |     1 |     1 |       ||     4
       Pizza             |       |       |     2 |     2 |       |       ||     4
       Fruit             |       |       |     1 |       |       |     1 ||     2
       Meat ration       |       |       |     1 |       |       |       ||     1
       Royal jelly       |       |       |       |       |     9 |       ||     9
